 Dungeon Crawl Stone Soup version 0.28-a0-802-g09f76e8c00 (webtiles) character file.

Game seed: 6152012130796397954

5016 frimble the Grappler (level 10, -2/96 HPs)
             Began as a Troll Warper on Nov 7, 2021.
             Was a Believer of Cheibriados.
             Killed from afar by an electric eel (12 damage)
             ... with a bolt of electricity
             ... on level 8 of the Dungeon.
             The game lasted 00:07:43 (6384 turns).

frimble the Grappler (Troll Warper)                 Turns: 6384, Time: 00:07:44

Health: -2/96      AC:  8    Str: 27    XL:     10   Next: 30%
Magic:  0/19       EV: 10    Int: 16    God:    Cheibriados [**....]
Gold:   473        SH:  0    Dex: 13    Spells: 9/11 levels left

rFire   . . .      SeeInvis .     - Unarmed
rCold   . . .      Faith    .   (no shield)
rNeg    + . .      Spirit   +   a - +1 robe
rPois   .          Reflect  .   e - +2 hat of the Bear Spirit {Spirit, *Rage rN+ Will++}
rElec   .          Harm     .   (no cloak)
rCorr   .          Rampage  .   (gloves unavailable)
Will    ++...      Rage     20% (boots unavailable)
Stlth   +.........              (no amulet)
HPRegen 1.26/turn               d - ring of magical power
MPRegen 0.16/turn               D - ring of flight

@: on berserk cooldown, flying, slowed, very slow
A: large, unfitting armour, claws 3, regeneration 1, shaggy fur 2, tough skin 1,
strong 1
a: Renounce Religion, Bend Time


You were on level 8 of the Dungeon.
You worshipped Cheibriados.
Cheibriados was pleased with you.
You visited 1 branch of the dungeon, and saw 8 of its levels.
You also visited: Sewer and Ossuary.

You collected 473 gold pieces.

Inventory:

Missiles
 c - a boomerang of dispersal
 m - 2 curare-tipped darts (quivered)
 E - a boomerang
Armour
 a - a +1 robe (worn)
 e - the +2 hat of the Bear Spirit (worn) {Spirit, *Rage rN+ Will++}
   (You acquired it on level 7 of the Dungeon)

   rN:        It protects you from negative energy.
   *Rage:     It berserks you when you make melee attacks (+20% chance).
   Will:      It greatly increases your willpower.
Jewellery
 d - a ring of magical power (left claw)
 D - a ring of flight (right claw)
Wands
 A - a wand of polymorph (9)
 B - a wand of digging (3)
Scrolls
 b - a scroll of blinking
 f - a scroll of fog
 g - 5 scrolls of identify
 h - 2 scrolls of fear
 n - 3 scrolls of teleportation
 u - 2 scrolls of amnesia
 x - a scroll of enchant weapon
 C - a scroll of torment {unknown}
Potions
 i - a potion of mutation
 j - 2 potions of might {unknown}
 k - 4 potions of lignification {unknown}
 l - 2 potions of invisibility {unknown}
 o - a potion of heal wounds
 p - 3 potions of resistance {unknown}
 q - 2 potions of berserk rage {unknown}
 r - a potion of haste
 s - 2 potions of degeneration {unknown}
 t - a potion of cancellation {unknown}
 v - a potion of brilliance {unknown}
 w - a potion of flight {unknown}
 z - 2 potions of curing


   Skills:
 + Level 5.5 Fighting
 + Level 5.7 Throwing
 + Level 2.7 Dodging
 - Level 12.8 Unarmed Combat
 - Level 1.2 Spellcasting
 - Level 5.0 Translocations
 + Level 1.8 Invocations


You had 9 spell levels left.
You knew the following spells:

 Your Spells              Type           Power      Damage    Failure   Level
a - Blink                 Tloc           34%        N/A       4%          2

Your spell library contained the following spells:

 Spells                   Type           Power      Damage    Failure   Level
 Gell's Gravitas          Tloc           17%        N/A       9%          3
 Lesser Beckoning         Tloc           17%        N/A       9%          3
 Teleport Other           Tloc           17%        N/A       9%          3
 Slow                     Hex            0%         N/A       22%         1
 Scorch                   Fire           0%         2d5       34%         2
 Static Discharge         Conj/Air       0%         N/A       34%         2
 Confusing Touch          Hex            0%         N/A       56%         3
 Manifold Assault         Tloc           17%        N/A       61%         5
 Dispel Undead            Necr           0%         3d6       92%         4
 Flame Wave               Conj/Fire      0%         3d3       92%         4
 Sticky Flame             Conj/Fire      0%         2d3       92%         4
 Yara's Violent Unravell  Hex/Tmut       0%         3d3       99%         5
 Summon Cactus Giant      Summ           0%         N/A       100%        6


Dungeon Overview and Level Annotations

Branches:
Dungeon (8/15)             Temple (0/1) D:5            Lair (0/6) D:8
  Sewer (visited)         Ossuary (visited)

Altars:
Cheibriados
Hepliaklqana
Trog
Vehumet
Yredelemnul

Annotations:
D:3 3 runed translucent doors, gregwegmann's ghost, weakling HuFi


Innate Abilities, Weirdness & Mutations

You are too large for most types of armour.
You have claws for hands.
Your natural rate of healing is unusually fast.
You are covered in thick fur. (AC +2)
You have tough skin. (AC +1)
Your muscles are strong. (Str +2)


Message History

Cheibriados thoroughly appreciates the change of pace.
You hear a splash.
The hound closely misses you. The troll bites you.
The troll claws you but does no damage. The troll closely misses you.
Found a fluorescent wand.
You are no longer berserk.
You are exhausted.
You feel yourself slow down. The hound bites you.
The steam dragon barely misses you. The steam dragon claws you.
The hound pauses to sniff the ground.
The hound barely misses you. The troll closely misses you.
The troll barely misses you. The troll claws you. The ice beast misses you.
The steam dragon closely misses you.
The steam dragon claws you but does no damage.
The hound bites you.
The ice beast hits you but does no damage.
The troll bites you! The troll claws you. The troll closely misses you.
Things that are here:
an electric eel corpse; a wolf corpse Blink to where?
Press: ? - help, Dir - move target An electric eel comes into view.
Found 21 stones.
As you read the scroll of blinking, it crumbles to dust.
The steam dragon breathes steam at you.
The ball of steam misses the kobold.
The ball of steam hits you!
* * * LOW HITPOINT WARNING * * *
The electric eel shoots out a bolt of lightning at you!
The bolt of electricity hits you!
* * * LOW HITPOINT WARNING * * *
The electric eel shoots out a bolt of lightning at you!
The bolt of electricity hits you!
* * * LOW HITPOINT WARNING * * *
You are engulfed in a cloud of scalding steam.
The wolf bites you but does no damage.
You hear a splash. x2
The electric eel shoots out a bolt of lightning at you!
The bolt of electricity hits the electric eel.
The electric eel completely resists.
The bolt of electricity hits you!
You die...

#.....†#......
#......))...........
#.....h..K≈.≈≈......
#......≈DTK≈≈.≈≈..≈≈
#......Y≈§≈≈≈≈≈≈≈≈≈≈
#....≈.≈SKK≈.S≈≈≈≈≈≈
#......≈≈S§.≈...≈≈≈≈
...#?.≈≈.≈≈≈§h..≈≈≈≈≈
...#...≈≈≈≈..@.......
.. ./..≈≈≈≈≈.....≈≈≈≈
.≈≈≈≈.≈≈.≈≈≈≈≈≈
..≈≈≈≈≈≈≈≈≈≈.≈≈
.≈≈≈≈≈≈≈≈≈≈≈≈.≈
≈..≈≈≈≈≈≈≈≈≈≈..
..≈.≈≈≈≈≈≈≈.(..
...≈≈≈≈≈≈≈.....


You could see a troll, a steam dragon, an ice beast, a kobold brigand, a wolf, 3
electric eels and 2 kobolds.

Vanquished Creatures
  Pikel (D:6)
  Grinder (D:3)
  Eustachio (D:6)
  A steam dragon (D:7)
  2 water moccasins
  An orc warrior (D:8)
  2 sky beasts (D:6)
  2 ogres
  A centaur (D:7)
  A phantom (D:4)
  A lemure (D:6)
  2 wolves (D:8)
  4 kobold brigands (Sewer)
  2 bullfrogs
  3 scorpions
  2 wyvern zombies
  A water moccasin zombie (D:5)
  2 water moccasin skeletons
  4 wights (D:7)
  An electric eel (D:8)
  2 centaur zombies
  A jelly (D:7)
  2 human zombies (Ossuary)
  4 hounds (D:8)
  4 orc priests
  An iron imp (D:6)
  A bullfrog skeleton (D:7)
  5 iguanas
  6 orc wizards
  3 scorpion zombies (D:5)
  Terence (D:3)
  2 hound zombies (Ossuary)
  4 mummies (Ossuary)
  Robin (D:2)
  3 gnolls (D:6)
  9 adders
  3 river rats (Sewer)
  A shadow imp (D:7)
  An adder zombie (Ossuary)
  An adder skeleton (D:5)
  4 worms
  A dart slug (D:1)
  22 orcs
  7 ball pythons
  11 endoplasms
  5 giant cockroaches
  A gnoll zombie (Ossuary)
  9 goblins
  9 hobgoblins
  6 jackals
  4 quokkas
  4 bats (D:1)
  2 frilled lizards (D:2)
  A goblin zombie (Ossuary)
  2 hobgoblin zombies (Ossuary)
  A jackal skeleton (D:4)
  9 kobolds
  A kobold zombie (Ossuary)
  A quokka skeleton (D:4)
  6 rats
  2 rat zombies (Ossuary)
198 creatures vanquished.

Vanquished Creatures (others)
  3 kobolds (D:8)
3 creatures vanquished.

Grand Total: 201 creatures vanquished

Notes
Turn   | Place    | Note
-------+----------+-------------------------------------------
     0 | D:1      | frimble the Troll Warper began the quest for the Orb.
     0 | D:1      | Reached XP level 1. HP: 19/19 MP: 1/1
    41 | D:1      | Reached skill level 1 in Throwing
   227 | D:1      | Reached XP level 2. HP: 28/28 MP: 2/2
   442 | D:1      | Found a faded altar of an unknown god.
   600 | D:1      | You fall into a shaft and drop 1 floor!
   814 | D:2      | Reached XP level 3. HP: 35/35 MP: 3/3
  1009 | D:2      | Noticed Robin
  1028 | D:2      | Killed Robin
  1523 | D:3      | Noticed Grinder
  1539 | D:3      | Killed Grinder
  1540 | D:3      | Reached skill level 3 in Unarmed Combat
  1540 | D:3      | Reached XP level 4. HP: 13/44 MP: 4/4
  1540 | D:3      | Reached XP level 5. HP: 16/52 MP: 5/5
  1831 | D:3      | Reached XP level 6. HP: 45/61 MP: 6/6
  1992 | D:3      | Noticed Terence
  2000 | D:3      | Killed Terence
  2132 | D:3      | Found a glowing drain.
  2259 | D:3      | Found a runed translucent gate.
  2291 | Sewer    | Entered a sewer
  2391 | Sewer    | Reached skill level 4 in Unarmed Combat
  2502 | Sewer    | Gained mutation: Your muscles are strong. (Str +2) [potion
                  | of mutation]
  2502 | Sewer    | Gained mutation: You are covered in thick fur. (AC +2)
                  | [potion of mutation]
  2511 | Sewer    | Reached XP level 7. HP: 11/67 MP: 7/7
  3111 | D:3      | Found a runed translucent gate.
  3112 | D:3      | Found a runed translucent gate.
  3114 | D:3      | Noticed gregwegmann's ghost (weakling HuFi)
  3484 | D:4      | Found a sand-covered staircase.
  3499 | D:4      | Learned a level 2 spell: Blink
  3501 | Ossuary  | Entered an ossuary
  3718 | D:4      | Reached skill level 12 in Unarmed Combat
  3718 | D:4      | Reached XP level 8. HP: 78/78 MP: 8/8
  4028 | D:4      | Reached XP level 9. HP: 75/84 MP: 9/9
  4106 | D:5      | Entered Level 5 of the Dungeon
  4222 | D:5      | Found a staircase to the Ecumenical Temple.
  4329 | D:5      | Found a basalt altar of Yredelemnul.
  4713 | D:6      | Found a bloodstained altar of Trog.
  4823 | D:6      | Noticed Pikel
  4841 | D:6      | Killed Pikel
  4842 | D:6      | Reached skill level 5 in Throwing
  4866 | D:6      | Noticed Eustachio
  4906 | D:6      | Killed Eustachio
  4938 | D:6      | Found a snail-covered altar of Cheibriados.
  4944 | D:6      | Reached skill level 5 in Fighting
  4953 | D:6      | Became a worshipper of Cheibriados the Contemplative
  5049 | D:6      | Reached skill level 5 in Translocations
  5099 | D:6      | Found a radiant altar of Vehumet.
  5418 | D:6      | Found a hazy altar of Hepliaklqana.
  5489 | D:7      | Identified a scroll of acquirement
  5489 | D:7      | Acquired the +2 hat of the Bear Spirit {Spirit, *Rage rN+
                  | Will++}
  5489 | D:7      | Found the +2 hat of the Bear Spirit {Spirit, *Rage rN+
                  | Will++}
  5606 | D:7      | Reached * piety under Cheibriados
  5607 | D:7      | Reached XP level 10. HP: 94/96 MP: 10/10
  5770 | D:7      | Reached skill level 1 in Invocations
  6372 | D:8      | Reached ** piety under Cheibriados
  6374 | D:8      | Found a staircase to the Lair.
  6384 | D:8      | Killed from afar by an electric eel

Illustrated notes

Levels and vault maps discovered:
D:1:      lightli_iron_boxes, layout_basic,
          hellmonk_ecumenical_altar_arch_garden
D:2:      layout_loops_corners, dk_vineyard_2, uniq_robin
D:3:      layout_loops_corners, gup_sewer_entry_glass,
          ebering_ghost_rock_garden, hangedman_glass_teeth, grunt_ministairs_2,
          uniq_grinder, uniq_terence
D:4:      layout_basic, nicolae_ossuary_entry_ruins
D:5:      layout_gridville, nicolae_yredelemnul_corpse_copse,
          minmay_temple_entry_gardened_gates
D:6:      layout_basic, nzn_hepliaklqana_mist_gate, slow_altar_1,
          vehumet_crystals, mainiacjoe_overflow_concentric_impassable,
          hangedman_glass_garden, uniq_eustachio, uniq_pikel
D:7:      layout_loops_ring
D:8:      layout_gridville, erik_lair_island

Skill      XL: |  1  2  3  4  5  6  7  8  9 10 |
---------------+-------------------------------+-----
Throwing       | 1 2 3 4 5 |  5.7
Fighting       | 2 3 4 5 |  5.5
Unarmed Combat | 3 4 12 | 12.8
Translocations | 3 4 5 |  5.0
Dodging        | 2 |  2.7
Invocations    | 1 |  1.8
Spellcasting   | |  1.2

Action                   |  1- 3 |  4- 6 |  7- 9 | 10-12 || total
-------------------------+-------+-------+-------+-------++-------
Melee: Unarmed           |   149 |   100 |   355 |    87 ||   691
       Punch             |     1 |       |    14 |     3 ||    18
Throw: Boomerang         |       |     4 |       |       ||     4
       Dart              |       |       |     1 |       ||     1
 Cast: Blink             |       |       |     1 |       ||     1
  Use: Scroll            |     6 |       |     7 |     1 ||    14
       Potion            |     1 |     2 |     3 |       ||     6
 Stab: Sleeping          |     1 |       |       |       ||     1
Armor: Robe              |    65 |    24 |   115 |    55 ||   259
Dodge: Dodged            |    66 |    28 |   115 |    61 ||   270

Table legend: (Time is in decaauts)
 A = Elapsed time spent in this place.
 B = Non-inter-level travel time spent in this place.
 C = Inter-level travel time spent in this place.
 D = Time resting spent in this place.
 E = Time spent auto-exploring this place.
 F = Levels seen in this place.
 G = Mean time per level.
                   A        B        C        D        E       F      G
               +--------+--------+--------+--------+--------+-----+--------+
         Total |   6925 |   6776 |    149 |     24 |   5266 |  10 |  692.5 |
       Dungeon |   5750 |   5601 |    149 |     24 |   4529 |   8 |  718.8 |
         Sewer |    966 |    966 |      0 |      0 |    627 |   1 |  966.0 |
       Ossuary |    208 |    208 |      0 |      0 |    109 |   1 |  208.0 |
               +--------+--------+--------+--------+--------+-----+--------+

Top non-repeatable levels by time:
     D:7: 1132 daAuts
     D:3: 1040 daAuts
   Sewer: 966 daAuts
     D:6: 958 daAuts
     D:2: 916 daAuts
     D:1: 597 daAuts
     D:5: 537 daAuts
     D:4: 504 daAuts
 Ossuary: 208 daAuts
     D:8: 64 daAuts
